 Dungeon Crawl Stone Soup version 0.28.0-45-g0d030f2227 (webtiles) character file.

Game seed: 2438103589800403761

32 zeratav the Insei (level 3, -2/23 HPs)
             Began as an Octopode Transmuter on Apr 11, 2022.
             Killed from afar by Sigmund (9 damage)
             ... with a magic dart
             ... on level 2 of the Dungeon.
             The game lasted 00:02:37 (2061 turns).

zeratav the Insei (Octopode Transmuter)             Turns: 2061, Time: 00:02:37

Health: -2/23      AC:  1    Str:  9    XL:     3   Next: 27%
Magic:  6/6        EV: 13    Int: 15    God:
Gold:   64         SH:  0    Dex: 14    Spells: 5/6 levels left

rFire   . . .      SeeInvis .     - Unarmed
rCold   . . .      Faith    .   (no shield)
rNeg    . . .      Spirit   .   (helmet restricted)
rPois   .          Reflect  .   (no amulet)
rElec   .          Harm     .   (no ring)
rCorr   .          Rampage  .   (no ring)
Will    .....                   (no ring)
Stlth   ++........              (no ring)
HPRegen 0.07/turn               (no ring)
MPRegen 0.10/turn               (no ring)
                                (no ring)
                                (no ring)

@: confused
A: almost no armour, amphibious, 8 rings, camouflage 1, gelatinous body 1,
(nimble swimmer 1), tentacles
a: no special abilities


You were on level 2 of the Dungeon.
You visited 1 branch of the dungeon, and saw 2 of its levels.

You collected 64 gold pieces.


Innate Abilities, Weirdness & Mutations

You cannot wear most types of armour.
You are amphibious.
You can wear up to eight rings at the same time.
Your skin changes colour to match your surroundings (Stealth+).
Your rubbery body absorbs attacks. (AC +1, EV +1)
((You are camouflaged when in or above water. (Stealth+)))
You have tentacles for arms and can constrict up to eight enemies at once.


   Skills:
 + Level 1.5 Fighting
 + Level 2.3 Dodging
 + Level 1.5 Stealth
 * Level 3.5 Unarmed Combat
 - Level 2.0 Spellcasting
 - Level 2.0 Transmutations


You had 5 spell levels left.
You knew the following spells:

 Your Spells              Type           Power      Damage    Failure   Level
a - Beastly Appendage     Tmut           14%        N/A       10%         1

Your spell library contained the following spells:

 Spells                   Type           Power      Damage    Failure   Level
 Wereblood                Tmut           7%         N/A       14%         2
 Spider Form              Tmut/Pois      4%         N/A       41%         3
 Ice Form                 Ice/Tmut       4%         N/A       82%         4

Inventory:

Scrolls
 a - a scroll of amnesia {unknown}
 e - a scroll of holy word {unknown}
 f - a scroll of immolation {unknown}
Potions
 b - a potion of attraction {unknown}
 c - 2 potions of flight {unknown}
 d - a potion of curing {unknown}

Dungeon Overview and Level Annotations

Branches:
Dungeon (2/15)

Altars:

Annotations:
D:2 Sigmund

#.# #.# #.# #.# #.# #.#
#.# #@###### ########
##......#
#....@.###...###.########
#.####.##.....#.........#
#.####.###.{.###.######.#
#.##.........# ###
###.####
######.##.#.####.##
#......> #.......#.#.#
#.# #.#.####
#.####......# ##'##
#.#...##


There were no monsters in sight!


Message History

You see here 30 stones {throwing}.
There is an open door here.
There is a stone staircase leading down here.
You climb downwards.
There is a stone staircase leading up here.
Unknown command.
A giant cockroach comes into view.
A giant cockroach is nearby!
One of your tentacles grows a vicious spike.
MP[-1]
You lost 1 mp, and now have 5/6 mp.
The helpless giant cockroach fails to defend itself.
You tentacle-slap the giant cockroach. You grab the giant cockroach.
You constrict the giant cockroach.
You kill the giant cockroach!
No target in view!
No target in view!
No target in view!
No target in view!
No target in view!
No target in view!
No target in view!
No target in view!
No target in view!
No target in view!
No target in view!
Your transformation is almost over.
Your tentacle spike disappears.
Found a stone staircase leading down.
e - a scroll labelled KADAUBEWK MP[+1]
Your mp is fully restored (6).
f - a scroll labelled HISOAKHL OCKUYS
There is a stone staircase leading up here.
You see here a +0 club {mace}.
You see here 22 sling bullets.
You open the door.
Found a stone staircase leading down.
There is an open door here.
You open the door.
There is an open door here.
Sigmund the Dreaded comes into view.
He is wielding a +1 vorpal scythe.
You now have 57 gold pieces (gained 11).
You open the door.
There is an open door here.
You now have 64 gold pieces (gained 7).
You open the door.
There is an open door here.
There is an open door here.
You open the door.
There is an open door here.
Found a stone staircase leading down.
There is a stone staircase leading down here.
Sigmund misses you.
Sigmund says, "Now you see me, now you don't..."
Sigmund points at you and mumbles some strange words.
The puff of flame hits you!
HP[-9]
You take 9 damage, and now have 14/23 hp.
MASSIVE DAMAGE!! (PAUSE) HP[+1] Sigmund gestures at you while chanting.
You are confused.
You bump into the rock wall.
You bump into the rock wall.
You're too confused to move!
Sigmund barely misses you.
You feel less confused. Sigmund gestures at you while chanting.
You resist with significant effort. HP[+1] Sigmund casts a spell at you.
You resist with significant effort.
You open the door.
There is an open door here.
You close the door.
Sigmund opens the door.
You close the door.
Sigmund breaks down the door.
It's broken and can't be closed.
It's broken and can't be closed.
It's broken and can't be closed.
It's broken and can't be closed.
Sigmund points at you and mumbles some strange words.
You are confused.
Sigmund casts a spell.
Sigmund flickers and vanishes!
Deactivating autopickup; reactivate with Ctrl-A.
You're too confused to move!
You feel less confused.
HP[+1]
Something hits you!
* * * LOW HITPOINT WARNING * * *
x2
There is an open door here.
HP[-10]
You take 10 damage, and now have 7/23 hp.
MASSIVE DAMAGE!! (PAUSE)
You hear some strange, mumbled words.
You are confused.
A magic dart appears from out of thin air!
The magic dart hits you!
You die...

Skill      XL: |  1  2 |
---------------+-------+-----
Stealth        | 1 |  1.5
Fighting       | |  1.5
Dodging        | |  2.3
Unarmed Combat | |  3.5
Spellcasting   | |  2.0
Transmutations | |  2.0

Action                   || total
-------------------------++-------
Melee: Unarmed           ||    56
       Kick              ||    10
       Tentacles         ||     6
       Constrict         ||    14
       Punch             ||     2
 Cast: Beastly Appendage ||    17
 Stab: Sleeping          ||    10
Armor: Skin              ||     1
Dodge: Dodged            ||    32

Levels and vault maps discovered:
D:1:      dpeg_arrival_signposts, layout_basic, hangedman_decor_points
D:2:      layout_loops_corners, hellmonk_ecumenical_altar_zigzags,
          uniq_crazy_yiuf_cottage, uniq_sigmund, uniq_terence

Notes
Turn   | Place    | Note
-------+----------+-------------------------------------------
     0 | D:1      | zeratav the Octopode Transmuter began the quest for the
                  | Orb.
     0 | D:1      | Reached XP level 1. HP: 13/13 MP: 3/3
     0 | D:1      | magus.rc [v1.9.6]
   441 | D:1      | Reached XP level 2. HP: 14/18 MP: 3/5
   523 | D:1      | Reached skill level 1 in Stealth
  1070 | D:1      | Reached XP level 3. HP: 18/23 MP: 4/6
  1834 | D:2      | Noticed Sigmund
  2061 | D:2      | Killed from afar by Sigmund

Vanquished Creatures
  2 dart slugs (D:1)
  3 ball pythons (D:1)
  2 bats (D:1)
  3 endoplasms (D:1)
  2 giant cockroaches
  A goblin (D:1)
  2 hobgoblins (D:1)
  4 quokkas (D:1)
  4 frilled lizards (D:1)
  A kobold (D:1)
  2 rats (D:1)
26 creatures vanquished.

Table legend:
 A = Non-vault XP
 B = Vault XP
 C = Vault XP percentage of total XP
 D = Non-vault monster count
 E = Vault monster count
 F = Vault count percentage of total count
                 A         B        C        D         E       F
            +---------+---------+-------+---------+---------+-------
      Total |      47 |       0 |   0.0 |      26 |       0 |   0.0
            +---------+---------+-------+---------+---------+-------
        D:1 |      45 |       0 |   0.0 |      25 |       0 |   0.0
        D:2 |       2 |       0 |   0.0 |       1 |       0 |   0.0
            +---------+---------+-------+---------+---------+-------

Illustrated notes

Table legend:
 A = Kills in this place as a percentage of kills in entire the game.
 B = Kills by you in this place as a percentage of kills by you in the entire game.
 C = Kills by friends in this place as a percentage of kills by friends in the entire game.
 D = Other kills in this place as a percentage of other kills in the entire game.
 E = Experience gained in this place as a percentage of experience gained in the entire game.
 F = Experience gained in this place divided by the number of levels of this place that you have seen.
                   A       B       C       D       E      F
               +-------+-------+-------+-------+-------+----------------------
         Total | 100.0 | 100.0 |   N/A |   N/A | 100.0 |  23.5
       Dungeon | 100.0 | 100.0 |   N/A |   N/A | 100.0 |  23.5
               +-------+-------+-------+-------+-------+----------------------

Table legend: (Time is in decaauts)
 A = Elapsed time spent in this place.
 B = Non-inter-level travel time spent in this place.
 C = Inter-level travel time spent in this place.
 D = Time resting spent in this place.
 E = Time spent auto-exploring this place.
 F = Levels seen in this place.
 G = Mean time per level.
                   A        B        C        D        E       F      G
               +--------+--------+--------+--------+--------+-----+--------+
         Total |   2056 |   1988 |     68 |      0 |   1646 |   2 | 1028.0 |
       Dungeon |   2056 |   1988 |     68 |      0 |   1646 |   2 | 1028.0 |
               +--------+--------+--------+--------+--------+-----+--------+

Top non-repeatable levels by time:
     D:1: 1616 daAuts
     D:2: 440 daAuts
